TOP OF THE 1ST |
Michigan Wolverines batting - Pitching for North Carolina Tar Heels : RHP Randolph Patterson
|
Pitching: RHP Randolph Patterson
|
|
Batting: RHB Roberto López
|
0-0: Foul Ball, location: 2F 0-1: Ball 1-1: Swinging Strike 1-2: SINGLE (Groundball, 6MD)
|
Batting: LHB Mark Wilson
|
0-0: Called Strike 0-1: Ball 1-1: Ball 2-1: Swinging Strike 2-2: Ball 3-2: Foul Ball, location: 2F 3-2: Foul Ball, location: 2F 3-2: Base on Balls Roberto López to second
|
Batting: LHB Dustin Jones
|
0-0: Ball 1-0: Ball 2-0: Ball Passed Ball! Roberto López to third Mark Wilson to second 3-0: Called Strike 3-1: Base on Balls
|
Batting: LHB Ken Miller
|
0-0: Ball 1-0: Ball 2-0: Ball 3-0: Called Strike 3-1: Base on Balls Roberto López scores Mark Wilson to third Dustin Jones to second
|
Batting: RHB David Morgan
|
0-0: SINGLE (Line Drive, 3D) Mark Wilson scores Dustin Jones to third Ken Miller to second
|
Batting: RHB Mike Clyne
|
0-0: Called Strike 0-1: Foul Ball, location: 2F 0-2: Ball 1-2: Ball 2-2: Strikes out swinging
|
Batting: RHB Miguel Vega
|
0-0: Swinging Strike 0-1: Fly out, F8 (Flyball, 8LS) Runner from 3rd tags up, SCORES, no throw
|
Batting: RHB George Bishop
|
0-0: Ball Wild Pitch! Ken Miller to third David Morgan to second 1-0: Ball 2-0: Called Strike 2-1: Ground out 5-3 (Groundball, 56S)
|
Top of the 1st over - 3 runs, 2 hits, 0 errors, 2 left on base; Michigan 3 - North Carolina 0 |
BOTTOM OF THE 1ST |
North Carolina Tar Heels batting - Pitching for Michigan Wolverines : LHP Jonathan Bogan
|
Pitching: LHP Jonathan Bogan
|
|
Batting: RHB Shane Hunter
|
0-0: Ball 1-0: Ball 2-0: Called Strike 2-1: Ground out 3-1 (Groundball, 34)
|
Batting: RHB Howard Brown
|
0-0: Ball 1-0: Ball 2-0: Ball 3-0: Called Strike 3-1: Foul Ball, location: 2F 3-2: Ground out 6-3 (Groundball, 6)
|
Batting: LHB Tim Black
|
0-0: SINGLE (Line Drive, 9S)
|
Batting: RHB Doug Bruce
|
0-0: Ball 1-0: SINGLE (Groundball, 5S) (infield hit) Tim Black to second
|
Batting: RHB Scotty Sherman
|
0-0: Ball 1-0: Foul Ball, location: 2F 1-1: Ball 2-1: Swinging Strike 2-2: SINGLE (Groundball, 4MS) (infield hit) Tim Black to third Doug Bruce to second
|
Batting: LHB Alfonso Sánchez
|
0-0: Ball 1-0: Foul Ball, location: 2F 1-1: Foul Ball, location: 2F 1-2: Ball 2-2: Fly out, F7 (Flyball, 7)
|
Bottom of the 1st over - 0 runs, 3 hits, 0 errors, 3 left on base; Michigan 3 - North Carolina 0 |
TOP OF THE 2ND |
Michigan Wolverines batting - Pitching for North Carolina Tar Heels : RHP Randolph Patterson
|
Batting: RHB Daryl Schroeder
|
0-0: Called Strike 0-1: Foul Ball, location: 2F 0-2: Ground out 1-3 (Groundball, P)
|
Batting: RHB Roberto López
|
0-0: Swinging Strike 0-1: Foul Ball, location: 2F 0-2: Ground out 5-3 (Groundball, 5)
|
Batting: LHB Mark Wilson
|
0-0: Called Strike 0-1: Ball 1-1: Swinging Strike 1-2: Strikes out swinging
|
Top of the 2nd over - 0 runs, 0 hits, 0 errors, 0 left on base; Michigan 3 - North Carolina 0 |
BOTTOM OF THE 2ND |
North Carolina Tar Heels batting - Pitching for Michigan Wolverines : LHP Jonathan Bogan
|
Batting: LHB Emory Bernal
|
0-0: Called Strike 0-1: Ball 1-1: Called Strike 1-2: Fly out, F6 (Popup, 6MS)
|
Batting: LHB Stanley Woods
|
0-0: Ball 1-0: Ball 2-0: Ball 3-0: Base on Balls
|
Batting: LHB Quinn Wolfe
|
0-0: Swinging Strike 0-1: Ball 1-1: Reached on error, E6 (Groundball, 6) Stanley Woods to second
|
Batting: RHB Shane Hunter
|
0-0: Ball 1-0: Foul Ball, location: 2F 1-1: Ball 2-1: Foul Ball, location: 2F 2-2: Fly out, F9 (Flyball, 9LSF)
|
Batting: RHB Howard Brown
|
0-0: Called Strike 0-1: Ball 1-1: Swinging Strike 1-2: SINGLE (Flyball, 89M) Stanley Woods to third Quinn Wolfe to second Runner from 3rd tries for Home, SAFE, no throw
|
Batting: LHB Tim Black
|
0-0: Foul Ball, location: 2F 0-1: Called Strike 0-2: Strikes out swinging
|
Bottom of the 2nd over - 1 run, 1 hit, 1 error, 2 left on base; Michigan 3 - North Carolina 1 |
TOP OF THE 3RD |
Michigan Wolverines batting - Pitching for North Carolina Tar Heels : RHP Randolph Patterson
|
Batting: LHB Dustin Jones
|
0-0: SINGLE (Groundball, 34D)
|
Batting: LHB Ken Miller
|
0-0: Called Strike 0-1: Foul Ball, location: 2F 0-2: Reached on error, E1 (Groundball, 13S) Dustin Jones to second
|
Batting: RHB David Morgan
|
0-0: Swinging Strike 0-1: Called Strike 0-2: Foul Ball, location: 2F 0-2: Strikes out swinging
|
Batting: RHB Mike Clyne
|
0-0: Called Strike 0-1: Ball 1-1: Foul Ball, location: 2F 1-2: Strikes out swinging
|
Batting: RHB Miguel Vega
|
0-0: Called Strike 0-1: Ball 1-1: Called Strike 1-2: Strikes out looking
|
Top of the 3rd over - 0 runs, 1 hit, 1 error, 2 left on base; Michigan 3 - North Carolina 1 |
BOTTOM OF THE 3RD |
North Carolina Tar Heels batting - Pitching for Michigan Wolverines : LHP Jonathan Bogan
|
Batting: RHB Doug Bruce
|
0-0: Called Strike 0-1: Foul Ball, location: 2F 0-2: Strikes out swinging
|
Batting: RHB Scotty Sherman
|
0-0: Ball 1-0: Ball 2-0: Foul Ball, location: 2F 2-1: Ball 3-1: SINGLE (Groundball, 5S) (infield hit)
|
Batting: LHB Alfonso Sánchez
|
0-0: Ball 1-0: Ball 2-0: SINGLE (Line Drive, 34D) Scotty Sherman to second
|
Batting: LHB Emory Bernal
|
0-0: Ball 1-0: Grounds into double play, 5-4-3 (Groundball, 56)
|
Bottom of the 3rd over - 0 runs, 2 hits, 0 errors, 1 left on base; Michigan 3 - North Carolina 1 |
TOP OF THE 4TH |
Michigan Wolverines batting - Pitching for North Carolina Tar Heels : RHP Randolph Patterson
|
Batting: RHB George Bishop
|
0-0: Called Strike 0-1: Ball 1-1: Foul Ball, location: 2F 1-2: Ball 2-2: Foul Ball, location: 2F 2-2: Strikes out swinging
|
Batting: RHB Daryl Schroeder
|
0-0: Swinging Strike 0-1: Ground out 6-3 (Groundball, 6)
|
Batting: RHB Roberto López
|
0-0: SINGLE (Line Drive, 7S)
|
Batting: LHB Mark Wilson
|
0-0: Ground out 4-3 (Groundball, 4MS)
|
Top of the 4th over - 0 runs, 1 hit, 0 errors, 1 left on base; Michigan 3 - North Carolina 1 |
BOTTOM OF THE 4TH |
North Carolina Tar Heels batting - Pitching for Michigan Wolverines : LHP Jonathan Bogan
|
Batting: LHB Stanley Woods
|
0-0: Swinging Strike 0-1: Ball 1-1: Ball 2-1: SINGLE (Groundball, 6MD)
|
Batting: LHB Quinn Wolfe
|
0-0: Called Strike Stanley Woods is caught stealing 2nd base 0-1: Ball 1-1: Foul Ball, location: 2F 1-2: Foul Ball, location: 2F 1-2: Foul Ball, location: 2F 1-2: Ball 2-2: Ground out 4-3 (Groundball, 4)
|
Batting: RHB Shane Hunter
|
0-0: Swinging Strike 0-1: Ball 1-1: Foul Ball, location: 2F 1-2: Foul Ball, location: 2F 1-2: Ball 2-2: Ball 3-2: Fly out, F8 (Flyball, 8RD)
|
Bottom of the 4th over - 0 runs, 1 hit, 0 errors, 0 left on base; Michigan 3 - North Carolina 1 |
TOP OF THE 5TH |
Michigan Wolverines batting - Pitching for North Carolina Tar Heels : RHP Randolph Patterson
|
Batting: LHB Dustin Jones
|
0-0: Called Strike 0-1: Ball 1-1: Fly out, F9 (Flyball, 9S)
|
Batting: LHB Ken Miller
|
0-0: Called Strike 0-1: Called Strike 0-2: Ball 1-2: Ball 2-2: Strikes out swinging
|
Batting: RHB David Morgan
|
0-0: Swinging Strike 0-1: Swinging Strike 0-2: Strikes out swinging
|
Top of the 5th over - 0 runs, 0 hits, 0 errors, 0 left on base; Michigan 3 - North Carolina 1 |
BOTTOM OF THE 5TH |
North Carolina Tar Heels batting - Pitching for Michigan Wolverines : LHP Jonathan Bogan
|
Batting: RHB Howard Brown
|
0-0: Called Strike 0-1: SINGLE (Line Drive, 34D)
|
Batting: LHB Tim Black
|
0-0: Ball 1-0: Called Strike 1-1: Ball 2-1: Foul Ball, location: 2F 2-2: Strikes out swinging
|
Pitching: RHP Francisco González
|
|
Batting: RHB Doug Bruce
|
0-0: Ball 1-0: Foul Ball, location: 2F 1-1: Ball 2-1: Swinging Strike 2-2: Ball 3-2: Strikes out looking
|
Batting: RHB Scotty Sherman
|
0-0: Called Strike 0-1: Swinging Strike 0-2: Ball 1-2: Foul Ball, location: 2F 1-2: Fly out, F4 (Flyball, 34D)
|
Bottom of the 5th over - 0 runs, 1 hit, 0 errors, 1 left on base; Michigan 3 - North Carolina 1 |
TOP OF THE 6TH |
Michigan Wolverines batting - Pitching for North Carolina Tar Heels : RHP Randolph Patterson
|
Pitching: RHP Ryan Younger
|
|
Batting: RHB Mike Clyne
|
0-0: Ball 1-0: Foul Ball, location: 2F 1-1: Ground out 5-3 (Groundball, 56)
|
Batting: RHB Miguel Vega
|
0-0: Ball 1-0: Foul Ball, location: 2F 1-1: Ball 2-1: Ball 3-1: Called Strike 3-2: Fly out, F8 (Flyball, 8LM)
|
Batting: RHB George Bishop
|
0-0: Called Strike 0-1: Ball 1-1: Swinging Strike 1-2: Ball 2-2: Ball 3-2: Strikes out swinging
|
Top of the 6th over - 0 runs, 0 hits, 0 errors, 0 left on base; Michigan 3 - North Carolina 1 |
BOTTOM OF THE 6TH |
North Carolina Tar Heels batting - Pitching for Michigan Wolverines : RHP Francisco González
|
Batting: LHB Alfonso Sánchez
|
0-0: Ground out 4-3 (Groundball, 4D)
|
Batting: LHB Emory Bernal
|
0-0: Ball 1-0: Bunted foul 1-1: Ball 2-1: Ball 3-1: Called Strike 3-2: Base on Balls
|
Batting: LHB Stanley Woods
|
0-0: Ground out 6-3 (Groundball, 6S) Emory Bernal to second
|
Now at SS: Carl Murphy
|
|
Batting: LHB Quinn Wolfe
|
0-0: Called Strike 0-1: Fly out, F7 (Flyball, 7S)
|
Bottom of the 6th over - 0 runs, 0 hits, 0 errors, 1 left on base; Michigan 3 - North Carolina 1 |
TOP OF THE 7TH |
Michigan Wolverines batting - Pitching for North Carolina Tar Heels : RHP Ryan Younger
|
Batting: RHB Daryl Schroeder
|
0-0: Ball 1-0: Ball 2-0: Ball 3-0: Called Strike 3-1: Called Strike 3-2: Base on Balls
|
Batting: RHB Roberto López
|
0-0: Called Strike 0-1: SINGLE (Groundball, 3D) Daryl Schroeder to second Runner from 2nd tries for 3rd, SAFE, no throw
|
Pitching: LHP Henry Bell
|
|
Batting: LHB Mark Wilson
|
0-0: Ball 1-0: Swinging Strike 1-1: SINGLE (Line Drive, 4MD) Daryl Schroeder scores Roberto López to second
|
Batting: LHB Dustin Jones
|
0-0: Ball 1-0: Fielders Choice at 2nd, 1-6 (Groundball, P) Roberto López to third
|
Batting: LHB Ken Miller
|
0-0: Ball 1-0: Ball 2-0: Ball 3-0: Base on Balls Dustin Jones to second
|
Pitching: RHP José Santos
|
|
Pinch Hitting: RHB Russell Ferguson
|
0-0: Foul Ball, location: 2F 0-1: Ball 1-1: Called Strike 1-2: Strikes out swinging
|
Batting: RHB Mike Clyne
|
0-0: Ball 1-0: Ball 2-0: Fly out, F7 (Line Drive, 7)
|
Top of the 7th over - 1 run, 2 hits, 0 errors, 3 left on base; Michigan 4 - North Carolina 1 |
BOTTOM OF THE 7TH |
North Carolina Tar Heels batting - Pitching for Michigan Wolverines : RHP Francisco González
|
Now at SS: Greg Finley
|
|
Batting: RHB Shane Hunter
|
0-0: Ball 1-0: Ball 2-0: Fly out, F3 (Line Drive, 3S)
|
Batting: RHB Howard Brown
|
0-0: Ball 1-0: Ball 2-0: Ball 3-0: Called Strike 3-1: Called Strike 3-2: Foul Ball, location: 2F 3-2: Ground out 1-3 (Groundball, 13)
|
Batting: LHB Tim Black
|
0-0: Called Strike 0-1: Ball 1-1: Ball 2-1: Ball 3-1: Called Strike 3-2: Fly out, F4 (Line Drive, 4M)
|
Bottom of the 7th over - 0 runs, 0 hits, 0 errors, 0 left on base; Michigan 4 - North Carolina 1 |
TOP OF THE 8TH |
Michigan Wolverines batting - Pitching for North Carolina Tar Heels : RHP José Santos
|
Batting: RHB Miguel Vega
|
0-0: Called Strike 0-1: Foul Ball, location: 2F 0-2: Ball 1-2: Ball 2-2: Foul Ball, location: 2F 2-2: Strikes out swinging
|
Batting: RHB George Bishop
|
0-0: Ground out 1-3 (Groundball, 13S)
|
Batting: RHB Daryl Schroeder
|
0-0: Ball 1-0: Called Strike 1-1: Swinging Strike 1-2: Foul Ball, location: 2F 1-2: Ball 2-2: Foul Ball, location: 2F 2-2: Fly out, F7 (Flyball, 7)
|
Top of the 8th over - 0 runs, 0 hits, 0 errors, 0 left on base; Michigan 4 - North Carolina 1 |
BOTTOM OF THE 8TH |
North Carolina Tar Heels batting - Pitching for Michigan Wolverines : RHP Francisco González
|
Batting: RHB Doug Bruce
|
0-0: Ball 1-0: Foul Ball, location: 2F 1-1: Foul Ball, location: 2F 1-2: Fly out, F6 (Line Drive, 6)
|
Batting: RHB Scotty Sherman
|
0-0: Ball 1-0: Ball 2-0: Ball 3-0: Base on Balls
|
Batting: LHB Alfonso Sánchez
|
0-0: Called Strike 0-1: Called Strike 0-2: Ball Wild Pitch! Scotty Sherman to second 1-2: Ball 2-2: Foul Ball, location: 2F 2-2: Ball 3-2: SINGLE (Flyball, 78S) Scotty Sherman to third Runner from 3rd tries for Home, SAFE, no throw
|
Batting: LHB Emory Bernal
|
0-0: Called Strike 0-1: Called Strike 0-2: Ball Wild Pitch! Alfonso Sánchez to second 1-2: Strikes out swinging
|
Pitching: RHP Chase Stanley
|
|
Batting: LHB Stanley Woods
|
0-0: Ground out U3 (Groundball, 3)
|
Bottom of the 8th over - 1 run, 1 hit, 0 errors, 1 left on base; Michigan 4 - North Carolina 2 |
TOP OF THE 9TH |
Michigan Wolverines batting - Pitching for North Carolina Tar Heels : RHP José Santos
|
Pitching: LHP Dan Womack
|
|
Batting: RHB Roberto López
|
0-0: Foul Ball, location: 2F 0-1: Called Strike 0-2: Ground out 3-1 (Groundball, 34S)
|
Batting: LHB Mark Wilson
|
0-0: Called Strike 0-1: Ball 1-1: Ball 2-1: Swinging Strike 2-2: Foul Ball, location: 2F 2-2: Strikes out swinging
|
Batting: LHB Dustin Jones
|
0-0: Foul Ball, location: 2F 0-1: Ball 1-1: Ball 2-1: Swinging Strike 2-2: Ball 3-2: Ground out 4-3 (Groundball, 4)
|
Top of the 9th over - 0 runs, 0 hits, 0 errors, 0 left on base; Michigan 4 - North Carolina 2 |
BOTTOM OF THE 9TH |
North Carolina Tar Heels batting - Pitching for Michigan Wolverines : RHP Chase Stanley
|
Pitching: RHP Elvis Murphy
|
|
Batting: LHB Quinn Wolfe
|
0-0: Ball 1-0: Foul Ball, location: 2F 1-1: Called Strike 1-2: DOUBLE (Line Drive, 78D)
|
Batting: RHB Shane Hunter
|
0-0: DOUBLE (Line Drive, 9LM) Quinn Wolfe scores
|
Batting: RHB Howard Brown
|
0-0: Ball 1-0: Fly out, F7 (Flyball, 7LM)
|
Batting: LHB Tim Black
|
0-0: Ball 1-0: Called Strike 1-1: Ball 2-1: Foul Ball, location: 2F 2-2: Foul Ball, location: 2F 2-2: Ball 3-2: Foul Ball, location: 2F 3-2: Foul Ball, location: 2F 3-2: Fly out, F4 (Line Drive, 34)
|
Batting: RHB Doug Bruce
|
0-0: Called Strike 0-1: Called Strike 0-2: Strikes out swinging
|
Bottom of the 9th over - 1 run, 2 hits, 0 errors, 1 left on base; Michigan 4 - North Carolina 3 |
|